 Dungeon Crawl Stone Soup version 0.29.1-15-g9cfb28693d (webtiles) character file.

Game seed: 14488874942015352991

154 croobank the Sneak (level 5, -4/37 HPs)
             Began as an Octopode Delver on Mar 13, 2023.
             Slain by a black bear (9 damage)
             ... on level 6 of the Dungeon.
             The game lasted 00:02:23 (585 turns).

croobank the Sneak (Octopode Delver)                 Turns: 585, Time: 00:02:24

Health: -4/37      AC:  1    Str: 12    XL:     5   Next: 35%
Magic:  5/5        EV: 14    Int: 14    God:
Gold:   40         SH:  0    Dex: 13    Spells: 4/4 levels left

rFire   . . .      SeeInvis .   a - +0 hand axe
rCold   . . .      Faith    .   (no shield)
rNeg    . . .      Spirit   .   (helmet restricted)
rPois   .          Reflect  .   (no amulet)
rElec   .          Harm     .   (no ring)
rCorr   .          Rampage  .   (no ring)
Will    .....                   (no ring)
Stlth   +++++.....              (no ring)
HPRegen 0.12/turn               (no ring)
MPRegen 0.09/turn               (no ring)
                                (no ring)
                                (no ring)

@: mighty
A: almost no armour, amphibious, 8 rings, camouflage 1, gelatinous body 1,
(nimble swimmer 1), tentacles
a: no special abilities


You were on level 6 of the Dungeon.
You visited 1 branch of the dungeon, and saw 3 of its levels.

You collected 40 gold pieces.

Inventory:

Hand Weapons
 a - a +0 hand axe (weapon)
Missiles
 l - 3 atropa-tipped darts (quivered)
Armour
 g - a +0 buckler
Wands
 f - a wand of digging (3)
 m - a wand of roots (5)
Scrolls
 b - a scroll of fog
 c - a scroll of magic mapping
 d - a scroll of fear
 h - a scroll of enchant armour {unknown}
 k - a scroll of silence {unknown}
Potions
 e - a potion of might
 i - 3 potions of invisibility {unknown}
 j - a potion of heal wounds {unknown}


   Skills:
 + Level 3.9 Fighting
 + Level 3.1 Axes
 + Level 3.1 Dodging
 + Level 7.5 Stealth


You had 4 spell levels left.
You didn't know any spells.
Your spell library was empty.

Dungeon Overview and Level Annotations

Branches:
Dungeon (7/15)
 Temple: D:4-7

Altars:

Annotations:
D:6 exclusion: downstairs


Innate Abilities, Weirdness & Mutations

You cannot wear most types of armour.
You are amphibious.
You can wear up to eight rings at the same time.
Your skin changes colour to match your surroundings (Stealth+).
Your rubbery body absorbs attacks. (AC +1, EV +1)
((You are camouflaged when in or above water. (Stealth+)))
You have tentacles for arms and can constrict up to eight enemies at once.


Message History

The atropa-tipped dart barely misses the black bear.
The black bear bites you but does no damage.
The black bear claws you.
The black bear claws you but does no damage.
You completely miss the black bear. Your grab misses the black bear.
The black bear bites you. The black bear claws you. The black bear misses you.
You hit the black bear. Your grab misses the black bear.
The black bear is lightly wounded.
The black bear bites you. The black bear claws you.
The black bear claws you but does no damage.
You barely miss the black bear. You grab the black bear.
You squeeze the black bear, but do no damage.
The black bear is lightly wounded.
You constrict the black bear. The black bear bites you.
The black bear closely misses you. x2
You hit the black bear.
The black bear is moderately wounded.
You constrict the black bear. The black bear barely misses you.
The black bear claws you. The black bear closely misses you.
The black bear bites you!
* * * LOW HITPOINT WARNING * * *
The black bear closely misses you. x2
You hit the black bear. You squeeze the black bear.
The black bear is severely wounded.
You constrict the black bear. The black bear closely misses you.
The black bear claws you but does no damage.
The black bear claws you.
* * * LOW HITPOINT WARNING * * *
Throw: 4 darts (atropa)
Press: ? - help, Q - select action, (/) - cycle Shift-Dir - straight line, f/p - black bear
Aim: a black bear (severely wounded, constricted by you, 93% to hit, chance to blind on hit: 51%)
You throw an atropa-tipped dart.
The atropa-tipped dart hits the black bear.
The black bear resists.
The black bear is severely wounded.
You constrict the black bear.
The black bear goes berserk!
It was a potion of might.
You feel very mighty all of a sudden.
You constrict the black bear. The black bear bites you!
You die...

############################
#..............>............
#.######################....
#.# ########## #.... #.#
#........# #.... #.#
#.h/.(...# #.... #.#
#.@......# #.... #.#
#........# #....
##.########........# #....
#..................# #....
###########........#
#......).# # #........# #
.........# # .........# .##


You could see a black bear (berserk).

Vanquished Creatures
  2 scorpions (D:6)
  A hound (D:6)
  An adder (D:6)
4 creatures vanquished.

Notes
Turn   | Place    | Note
-------+----------+-------------------------------------------
     0 | D:5      | croobank the Octopode Delver began the quest for the Orb.
     0 | D:5      | Reached XP level 1. HP: 16/16 MP: 1/1
    30 | D:5      | Noticed an ogre
    42 | D:6      | Noticed a scorpion
    49 | D:6      | Killed a scorpion
    50 | D:6      | Reached skill level 7 in Stealth
    50 | D:6      | Reached XP level 2. HP: 13/21 MP: 2/2
    50 | D:6      | Reached XP level 3. HP: 16/26 MP: 3/3
   113 | D:6      | Reached XP level 4. HP: 19/31 MP: 4/4
   394 | D:7      | Noticed a gnoll sergeant
   423 | D:6      | Noticed a scorpion
   425 | D:6      | Noticed a black bear
   441 | D:6      | Killed a scorpion
   442 | D:6      | Reached XP level 5. HP: 28/37 MP: 5/5
   585 | D:6      | Slain by a black bear

Illustrated notes

Levels and vault maps discovered:
D:5:      layout_basic, minmay_temple_entry_glassed_door,
          nicolae_take_the_stairs
D:6:      layout_basic, uniq_eustachio
D:7:      layout_rooms, mainiacjoe_overflow_concentric_impassable

Skill      XL: |  1  2  3  4 |
---------------+-------------+-----
Stealth        | 7 |  7.5
Axes           | 3 |  3.1
Dodging        | 3 |  3.1
Fighting       | |  3.9

Action                   |  1- 3 |  4- 6 || total
-------------------------+-------+-------++-------
Melee: Hand axe          |     9 |    15 ||    24
       Tentacles         |     2 |     4 ||     6
       Constrict         |     2 |     3 ||     5
Throw: Dart              |       |     4 ||     4
  Use: Potion            |     1 |     1 ||     2
Armor: Skin              |       |     4 ||     4
Dodge: Dodged            |     5 |    20 ||    25
